AoeStats
← JP 2

Lombardia

510014795Analyzed
4v4 RM · 4d ago on Sep 29, 2026· 52m 58s· 8 players
Game mode
Random Map
Map size
Large (8 player)
Population
200
Speed
Normal
Resources
Standard
Victory
Conquest
Starting age
Dark Age
Ending age
Imperial Age
RankedLock teamsTeams togetherTeam positionsShared explorationLock speedFull tech treeHidden civsTurbo modeCheats
Victory
Defeat
🇨🇱 Spanish · Chile
1214
+10
🇨🇦 Hindustanis · Canada
1193
+11
🇺🇸 Britons · United States
1020
+18
🇺🇸 Franks · United States
843
+25
🇨🇱 Bohemians · Chile
1123
-18
🇨🇳 Bengalis · China
1062
-16
🇨🇱 Slavs · Chile
1046
-15
🇨🇳 Jurchens · China
1043
-15
2204528
10:24 Feudal Age
18:03 Castle Age
16:40 Double-Bit Axe
29:03 Horse Collar
30:35 Wheelbarrow
31:25 Heavy Plow
31:42 Hand Cart
32:14 Stone Mining
32:14 Gold Mining
32:40 Bow Saw
34:03 Stone Shaft Mining
34:03 Gold Shaft Mining
41:23 Imperial Age
40:58 Scale Barding Armor
41:04 Forging
42:51 Chain Barding Armor
43:07 Iron Casting
43:52 Conscription
Sabellinho
12:56 Feudal Age
16:46 Castle Age
15:26 Horse Collar
15:34 Double-Bit Axe
16:23 Scale Barding Armor
18:13 Bloodlines
21:08 Heavy Plow
21:57 Gold Mining
22:59 Bow Saw
22:17 Pikeman
27:17 Chain Barding Armor
27:14 Elite Skirmisher
28:22 Fletching
29:11 Padded Archer Armor
30:48 Wheelbarrow
Long Live Beard
7:27 Loom
9:46 Feudal Age
10:18 Double-Bit Axe
12:46 Horse Collar
18:23 Wheelbarrow
21:16 Castle Age
24:54 Fletching
26:04 Ballistics
26:04 Bodkin Arrow
26:46 Padded Archer Armor
29:06 Bow Saw
31:22 Heavy Plow
35:52 Elite Skirmisher
雎鸠
7:48 Loom
10:59 Feudal Age
11:40 Double-Bit Axe
16:02 Castle Age
14:36 Horse Collar
17:42 Bow Saw
19:38 Heavy Plow
21:41 Wheelbarrow
24:30 Bloodlines
25:05 Hand Cart
24:39 Light Cavalry
25:41 Husbandry
25:04 Pikeman
25:44 Squires
26:18 Squires
27:42 Gold Mining
27:46 Stone Mining
28:21 Scale Barding Armor
29:35 Chain Barding Armor
29:27 Forging
32:24 Imperial Age
32:58 Murder Holes
33:24 Ballistics
33:38 Elite Skirmisher
35:44 Fletching
38:32 Gold Shaft Mining
38:49 Iron Casting
38:10 Elite Battle Elephant
Bonkus
9:49 Loom
11:34 Feudal Age
23:31 Castle Age
21:19 Double-Bit Axe
25:48 Husbandry
25:57 Gold Mining
26:26 Bow Saw
28:35 Scale Barding Armor
28:41 Forging
30:48 Iron Casting
34:49 Chain Barding Armor
49:32 Imperial Age
50:30 Cavalier
52:16 Blast Furnace
51:52 Plate Barding Armor
52:26 Paladin
53:50 Gold Shaft Mining
53:05 Stone Mining
Queendi
11:02 Feudal Age
9:47 Loom
16:45 Castle Age
15:34 Double-Bit Axe
15:30 Horse Collar
17:27 Stone Mining
17:57 Bow Saw
21:05 Fletching
23:22 Bodkin Arrow
23:28 Padded Archer Armor
29:48 Wheelbarrow
30:07 Heavy Plow
30:55 Leather Archer Armor
32:08 Ballistics
37:45 Imperial Age
39:09 Town Watch
39:39 Hand Cart
39:08 Elite Longbowman
40:09 Conscription
41:20 Chemistry
40:30 Masonry
49:57 Spies/Treason
JP 2
3:03 Loom
12:12 Feudal Age
18:02 Castle Age
16:54 Stone Mining
17:15 Double-Bit Axe
17:58 Horse Collar
20:36 Heavy Plow
26:21 Padded Archer Armor
27:20 Leather Archer Armor
28:21 Bloodlines
28:11 Husbandry
34:56 Gold Mining
35:16 Bow Saw
37:22 Wheelbarrow
41:12 Imperial Age
41:22 Hand Cart
40:53 Town Watch
42:04 Stone Shaft Mining
42:28 Conscription
42:42 Ring Archer Armor
41:58 Elite Conquistador
44:17 Two-Man Saw
46:32 Town Patrol
48:58 Supremacy
48:38 Inquisition
51:01 Spies/Treason
AmpedUpAF
11:07 Feudal Age
11:55 Double-Bit Axe
15:06 Castle Age
12:58 Double-Bit Axe
13:37 Loom
14:36 Scale Barding Armor
14:34 Horse Collar
15:13 Bloodlines
15:30 Forging
20:31 Husbandry
21:46 Gold Mining
24:06 Wheelbarrow
24:59 Bow Saw
24:46 Town Watch
26:29 Devotion
27:34 Chain Barding Armor
27:10 Fletching
27:56 Iron Casting
28:26 Heavy Plow
29:39 Chain Barding Armor
32:48 Gold Shaft Mining
33:00 Stone Mining
32:38 Light Cavalry
34:02 Hand Cart
36:41 Imperial Age
34:34 Ballistics
34:33 Fletching
35:35 Bodkin Arrow
35:49 Padded Archer Armor
36:42 Heavy Camel Rider
37:59 Plate Barding Armor
38:45 Blast Furnace
38:12 Bracer
38:00 Hussar
39:37 Imperial Camel Rider
41:36 Two-Man Saw
40:55 Leather Archer Armor
41:52 Conscription
41:34 Shatagni
41:57 Conscription
43:46 Grand Trunk Road
44:03 Town Patrol
46:21 Ring Archer Armor
52:33 Spies/Treason
Connection lost

Rejoining the realm…

Still unreachable

The connection could not be restored.

Session expired

The server has moved on; the page needs a fresh start.